Map: Ancient Cistern LE

Players

Spazymazy

  • Race: Zerg Zerg
  • Spawn Location: 1:00

RagnaroK (SHIN) - Winner!

  • Race: Zerg Zerg
  • Spawn Location: 7:00

Event: ESL SC2 Masters 2023 Summer (Finals)

VOD

Have the link to the VOD?

Description

Time

  • Played on: June 16, 2023, 10:28 a.m.
  • Length: 7:20

All games in this series

Show
View Real Time Build Order
Export as new Build Order

Spazymazy Zerg 

Build Orders: Pool First 

Get SALT Encoding   

  12  0:00  Drone  
  13  0:12  Overlord  
  13  0:17  Drone  
  14  0:30  Drone  
  14  0:31  Drone  
  16  0:40  Spawning Pool  
  15  0:44  Drone  
  15  0:47  Drone  
  17  1:08  Hatchery  
  17  1:11  Drone  
  17  1:13  Extractor  
  16  1:27  Zergling x4  
  16  1:28  Zergling x2  
  16  1:32  Queen  
  21  1:39  Overlord  
  21  1:49  Drone  
  22  2:01  Drone  
  22  2:07  Queen  
  25  2:26  Drone x3  
  25  2:27  Metabolic Boost  
  28  2:34  Drone x2  
  29  2:40  Overlord  
  28  2:45  Queen  
  28  3:04  Zergling x10  
  32  3:05  Zergling x2  
  33  3:15  Overlord  
  33  3:16  Zergling x4  
  33  3:18  Extractor  
  34  3:20  Zergling x2  
  36  3:28  Overlord  
  36  3:36  Zergling x4  
  36  3:39  Zergling x4  
  40  3:48  Zergling x6  
  43  3:57  Zergling x2  
  43  3:58  Zergling x4  
  46  4:04  Zergling x6  
  49  4:20  Drone x2  
  49  4:29  Hatchery  
  49  4:30  Drone  
  45  4:33  Drone x2  
  45  4:34  Drone x2  
  49  4:41  Overlord  
  49  4:47  Overlord  
  49  4:48  Drone x2  
  51  4:54  Overlord  
  51  5:00  Drone  
  51  5:01  Drone x3  
  55  5:09  Baneling Nest  
  55  5:12  Extractor  
  55  5:13  Drone x3  
  56  5:15  Drone  
  56  5:17  Drone  
  56  5:19  Drone  
  59  5:22  Drone  
  59  5:27  Drone  
  61  5:29  Drone x2  
  61  5:33  Zergling x4  
  64  5:38  Zergling x2  
  64  5:40  Overlord  
  64  5:42  Queen  
  65  5:49  Zergling x4  
  69  5:53  Zergling x8  
  72  5:57  Drone x2  
  72  6:03  Drone  
  75  6:06  Roach Warren  
  75  6:07  Drone x2  
  75  6:08  Drone  
  75  6:09  Drone  
  78  6:14  Drone  
  78  6:16  Extractor  
  78  6:17  Extractor, Drone x2  
  79  6:20  Drone x2  
  79  6:22  Drone x2  
  83  6:29  Overlord  
  83  6:35  Evolution Chamber  
  83  6:37  Drone  
  83  6:39  Drone x3  
  86  6:41  Drone  
  87  6:48  Extractor, Drone  
  87  6:50  Extractor, Drone x3  
  87  6:51  Drone x3  
  87  6:52  Drone  
  91  6:57  Roach x2  
  91  7:00  Baneling x4  
  95  7:01  Zergling x2  
Show
View Real Time Build Order
Export as new Build Order

RagnaroK Zerg - Winner!

Build Orders: Pool First 

Get SALT Encoding   

  12  0:00  Drone  
  13  0:08  Drone  
  14  0:16  Overlord  
  14  0:32  Spawning Pool  
  14  0:35  Drone  
  14  0:39  Drone  
  15  0:43  Drone  
  15  0:48  Drone  
  17  1:08  Hatchery  
  16  1:19  Zergling x6  
  19  1:26  Queen  
  21  1:33  Overlord  
  21  1:45  Drone  
  22  1:52  Drone  
  23  2:02  Queen  
  23  2:03  Drone  
  26  2:17  Zergling x2  
  26  2:21  Zergling x2  
  26  2:22  Queen  
  30  2:23  Drone  
  31  2:31  Drone  
  31  2:34  Drone x3  
  31  2:36  Drone  
  36  2:43  Extractor  
  35  2:45  Overlord  
  35  2:48  Drone  
  36  2:53  Overlord  
  36  2:57  Drone  
  35  3:03  Queen  
  37  3:07  Drone  
  37  3:08  Drone  
  40  3:14  Drone x2  
  40  3:15  Drone  
  40  3:17  Drone  
  44  3:27  Roach Warren  
  44  3:30  Drone  
  44  3:32  Evolution Chamber  
  44  3:33  Drone  
  45  3:34  Drone  
  45  3:39  Drone x2  
  45  3:40  Drone  
  48  3:46  Drone x5  
  51  3:57  Overlord, Evolution Chamber, Spine Crawler  
  48  4:06  Evolution Chamber  
  48  4:07  Evolution Chamber  
  48  4:08  Roach x3  
  51  4:14  Overlord  
  51  4:15  Evolution Chamber  
  50  4:19  Roach  
  50  4:21  Roach x2  
  50  4:23  Roach  
  59  4:26  Overlord  
  59  4:31  Extractor  
  59  4:32  Extractor, Drone  
  60  4:38  Drone  
  60  4:40  Drone  
  61  4:47  Drone  
  61  4:50  Drone, Lair  
  63  4:53  Extractor, Drone  
  63  4:54  Drone x2  
  65  5:00  Drone  
  65  5:05  Overlord  
  66  5:09  Drone  
  66  5:12  Zerg Missile Weapons Level 1  
  67  5:15  Roach x2  
  67  5:18  Roach  
  67  5:20  Roach  
  75  5:23  Overlord x4  
  75  5:25  Roach  
  77  5:34  Roach  
  79  5:37  Roach  
  81  5:43  Roach x2  
  81  5:47  Glial Reconstitution  
  85  5:50  Hatchery, Overseer  
  85  5:53  Roach x3  
  85  5:55  Roach  
  92  6:00  Roach  
  92  6:01  Roach  
  98  6:04  Roach  
  98  6:09  Roach  
  98  6:11  Roach x2  
  104  6:12  Roach  
  104  6:16  Roach  
  108  6:22  Roach  
  108  6:24  Roach  
  112  6:31  Overlord x2  
  112  6:32  Roach  
  114  6:36  Roach  
  114  6:39  Overlord  
  116  6:43  Drone, Evolution Chamber  
  116  6:49  Roach x3  
  116  6:50  Roach  
  124  6:56  Roach  
  124  7:00  Roach x2  
  124  7:01  Roach  
Tags
 
Add a new tag
Caveats
  • Supply blocks, unpowered buildings, or Contaminate may cause inaccurate times.
  • Supply counts are checked every 10 seconds.